 Dungeon Crawl Stone Soup version 0.21-a0-19-g210df22 (webtiles) character file.

149 lauthentik the Sneak (level 5, -2/36 HPs)
             Began as a Vampire Enchanter on May 24, 2017.
             Slain by Sigmund
             ... wielding a +0 scythe
              (8 damage)
             ... on level 3 of the Dungeon.
             The game lasted 00:08:16 (1941 turns).

lauthentik the Sneak (Vampire Enchanter)            Turns: 1941, Time: 00:08:17

Health: -2/36      AC:  4    Str:  7    XL:     5   Next: 9%
Magic:  0/8        EV: 13    Int: 18    God:
Gold:   114        SH:  0    Dex: 15    Spells: 6/9 levels left

rFire    . . .     SeeInvis +   a - +1 dagger
rCold    + + .     Gourm    .   (no shield)
rNeg     + + +     Faith    .   u - +0 robe (curse)
rPois    ∞         Spirit   .   j - +0 helmet
rElec    .         Reflect  .   r - +0 cloak
rCorr    .         Harm     .   (no gloves)
MR       .....                  (no boots)
Stlth    +++++.....             (no amulet)
Regen    0.0/turn               n - ring of wizardry
MPRegen  0.2/turn               (no ring)

@: bloodless, non-regenerating
A: fangs 3, see invisible, unbreathing
a: Bat Form


You were on level 3 of the Dungeon.
You were bloodless.

You visited 1 branch of the dungeon, and saw 3 of its levels.

You collected 114 gold pieces.

Inventory:

Hand Weapons
 a - a +1 dagger (weapon)
 p - a +0 falchion of slicing
Armour
 b - a +0 robe
 j - a +0 helmet (worn)
 r - a +0 cloak (worn)
 u - a cursed +0 robe (worn)
Jewellery
 n - a ring of wizardry (left hand)
 q - an uncursed ring of stealth {unknown}
Scrolls
 f - 2 scrolls of magic mapping {unknown}
 g - a scroll of teleportation {unknown}
 i - 2 scrolls of enchant weapon {unknown}
 k - 2 scrolls of noise {unknown}
 l - a scroll of identify {unknown}
 m - 2 scrolls of remove curse {unknown}
 s - a scroll of blinking {unknown}
Potions
 d - 15 potions of blood
 e - 3 potions of flight {unknown}
 h - 3 potions of heal wounds {unknown}
 o - a potion of berserk rage {unknown}
 t - 3 potions of curing {unknown}
Books
 c - a book of Maledictions

   Spells                             Type                      Level
   a - Corona                         Hexes                        1
   b - Ensorcelled Hibernation        Hexes/Ice                    2
   c - Confuse                        Hexes                        3
   d - Tukima's Dance                 Hexes                        3
   e - Dazzling Spray                 Conjuration/Hexes            3


   Skills:
 + Level 0.3 Fighting
 + Level 1.9 Short Blades
 + Level 0.2(1.0) Long Blades
 + Level 2.9 Dodging
 + Level 6.2 Stealth
 + Level 2.6 Spellcasting
 + Level 5.3 Hexes
 + Level 1.1 Ice Magic


You had 6 spell levels left.
You knew the following spells:

 Your Spells              Type           Power        Failure   Level  Hunger
a - Ensorcelled Hibernat  Hex/Ice        ##....       2%          2    ##.....
b - Corona                Hex            ###....      1%          1    #......


Dungeon Overview and Level Annotations

Branches:
Dungeon (3/15)

Altars:
Ashenzari
Dithmenos
Hepliaklqana
Yredelemnul

Annotations:
D:3 Sigmund


Innate Abilities, Weirdness & Mutations

You do not heal naturally.
You are immune to poison.
You have razor-sharp teeth.
You have supernaturally acute eyesight. (SInv)
You can survive without breathing.


Message History

Confirm with . or Enter, or press ? or * to list all spells.
Aiming: Ensorcelled Hibernation
Press: ? - help, Shift-Dir - straight line, f/p - Sigmund
Aim: Sigmund, wielding a scythe and wearing a robe (moderately wounded, slightly transparent, chance to defeat MR: 52%) Sigmund resists with significant effort.
Sigmund closely misses you.
You barely miss Sigmund.
Sigmund is moderately wounded.
You hit Sigmund. Your bite misses Sigmund.
Sigmund is moderately wounded.
Sigmund barely misses you.
You hit Sigmund.
Sigmund is moderately wounded.
You completely miss Sigmund.
Sigmund is moderately wounded.
Sigmund barely misses you.
You hit Sigmund but do no damage. Your bite misses Sigmund.
Sigmund is moderately wounded.
Sigmund hits you with a scythe!
You die...

# #.##......#
########
#.######..#
..†....# #.#
#..# ######.#
#.# #..# #.
##### #.# #..#
#.##... ...
...# #.#...#
#.# ##.#
#.#...# #@# .#
##.#...#####@#
#.........##.#
###
#............#
..#
#...###...####
#.# ##..#
#........ #.#
##.###.#######
#.#####.....#
#.........###
........###


You could see Sigmund (invisible).

Vanquished Creatures
  A worker ant (D:3)
  Terence (D:2)
  3 gnolls (D:3)
  2 adders
  2 oozes
  A dart slug (D:3)
  A leopard gecko (D:2)
  2 orcs (D:3)
  A ball python (D:3)
  2 giant cockroaches
  5 hobgoblins
  5 kobolds
  6 bats
  A frilled lizard (D:2)
  6 goblins
  7 rats
46 creatures vanquished.

Notes
Turn   | Place    | Note
-------+----------+-------------------------------------------
     0 | D:1      | lauthentik the Vampire Enchanter began the quest for the Orb.
     0 | D:1      | Reached XP level 1. HP: 13/13 MP: 3/3
   358 | D:1      | Reached XP level 2. HP: 19/19 MP: 5/5
   365 | D:1      | Learned a level 2 spell: Ensorcelled Hibernation
   790 | D:2      | Noticed Terence
   796 | D:2      | Killed Terence
   796 | D:2      | Reached XP level 3. HP: 20/24 MP: 1/6
   815 | D:2      | Found a shadowy altar of Dithmenos.
   908 | D:2      | Reached skill level 5 in Hexes
   961 | D:2      | Found a basalt altar of Yredelemnul.
  1064 | D:2      | Reached skill level 5 in Stealth
  1372 | D:2      | Found a shattered altar of Ashenzari.
  1443 | D:3      | Reached XP level 4. HP: 29/31 MP: 7/7
  1652 | D:3      | Reached skill level 1 in Ice Magic
  1660 | D:3      | Reached skill level 6 in Stealth
  1660 | D:3      | Reached XP level 5. HP: 36/36 MP: 1/8
  1791 | D:3      | Found a hazy altar of Hepliaklqana.
  1914 | D:3      | Noticed Sigmund
  1941 | D:3      | Slain by Sigmund

Vault maps used:
D:1:      dpeg_arrival_tiny_d
D:2:      lemuel_coloured_pillars_altar, lemuel_doored_altar,
          old_standard_altar, uniq_terence
D:3:      lemuel_round_altar, roderic_serpentine_path, uniq_sigmund

Skill      XL: |  1  2  3  4 |
---------------+-------------+-----
Hexes          | 5 |  5.3
Stealth        | 5 6 |  6.2
Ice Magic      | 1 |  1.1
Fighting       | |  0.3
Short Blades   | |  1.9
Long Blades    | |  0.2
Dodging        | |  2.9
Spellcasting   | |  2.6

Action                   |  1- 3 |  4- 6 || total
-------------------------+-------+-------++-------
Melee: Dagger            |    68 |    73 ||   141
       Bite              |     4 |     3 ||     7
       Falchion          |     9 |       ||     9
 Cast: Corona            |     3 |       ||     3
       Ensorcelled Hiber |    12 |    19 ||    31
 Stab: Sleeping          |    15 |    14 ||    29
Armor: Robe              |     7 |    11 ||    18
Dodge: Dodged            |    52 |    42 ||    94
       Rpst.: Falchion   |     1 |       ||     1
